 Dungeon Crawl Stone Soup version 0.22-a0-618-gd6a3efe (webtiles) character file.

190 Amnesiac the Magician (level 5, -4/35 HPs)
             Began as a Mummy Earth Elementalist on July 13, 2018.
             Slain by a gnoll
             ... wielding a +0 club
              (6 damage)
             ... on level 3 of the Dungeon.
             The game lasted 00:03:34 (2797 turns).

Amnesiac the Magician (Mummy Earth Elementalist)    Turns: 2797, Time: 00:03:34

Health: -4/35      AC:  2    Str: 11    XL:     5   Next: 41%
Magic:  10/11      EV: 12    Int: 15    God:
Gold:   156        SH:  0    Dex: 13    Spells: 5/12 levels left

rFire    x x .     SeeInvis .   h - +2 dagger (distort)
rCold    + + .     Gourm    .   (no shield)
rNeg     + + +     Faith    .   c - +0 robe
rPois    ∞         Spirit   .   (no helmet)
rElec    .         Reflect  .   (no cloak)
rCorr    .         Harm     .   (no gloves)
MR       .....                  (no boots)
Stlth    ++........             (no amulet)
HPRegen  0.11/turn              g - ring of ice
MPRegen  0.12/turn              (no ring)

@: very slightly contaminated
A: no food or potions, fire vulnerability, cold resistance 1, negative energy
resistance 3, torment resistance, unbreathing
a: no special abilities


You were on level 3 of the Dungeon.
You were not hungry.

You visited 1 branch of the dungeon, and saw 4 of its levels.

You collected 156 gold pieces.

Inventory:

Hand Weapons
 h - a +2 dagger of distortion (weapon)
Missiles
 b - 82 stones (quivered)
Armour
 c - a +0 robe (worn)
Jewellery
 g - a ring of ice (left hand)
Scrolls
 a - a scroll of identify {!r, unknown}
 d - a scroll of fog {!r, unknown}
 e - a scroll of teleportation {!r, unknown}
 f - a scroll of remove curse {!r}


   Skills:
 + Level 1.5 Short Blades
 - Level 1.5 Dodging
 - Level 1.5 Stealth
 + Level 4.1 Spellcasting
 - Level 1.0 Transmutations
 * Level 4.1 Earth Magic


You had 5 spell levels left.
You knew the following spells:

 Your Spells              Type           Power        Failure   Level  Hunger
a - Sandblast             Erth           ###...       3%          1    N/A
b - Passwall              Tmut/Erth      ##......     10%         2    N/A
e - Petrify               Tmut/Erth      ##......     52%         4    N/A

Your spell library contained the following spells:

 Spells                   Type           Power        Failure   Level  Hunger
 Stone Arrow              Conj/Erth      #.....       22%         3    N/A
 Lee's Rapid Deconstruct  Erth           ###.......   65%         5    N/A

Dungeon Overview and Level Annotations

Branches:
Dungeon (4/15)
 Temple: D:4-7

Altars:
Elyvilon


Innate Abilities, Weirdness & Mutations

You do not eat or drink.
Your flesh is vulnerable to fire.
You are immune to poison.
Your flesh is cold resistant. (rC+)
You are immune to negative energy. (rN+++)
You are immune to unholy pain and torment.
You can survive without breathing.


Message History

Where to? (Enter - D:2 @ (x,y), ? - help)
What level of the Dungeon? (default 1, ? - help)
There is a stone staircase leading down here.
You climb downwards.
There is a stone staircase leading up here.
There is a stone staircase leading down here.
You climb downwards.
There is a stone staircase leading up here.
A dart slug comes into view.
A dart slug is nearby!
A dart slug is nearby!
Found 14 stones.
You barely miss the dart slug. You hit the dart slug.
The dart slug looks slightly unstable.
The dart slug is heavily wounded.
The dart slug bites you.
You hit the dart slug.
Space bends around the dart slug.
The dart slug is almost dead.
The dart slug completely misses you.
You hit the dart slug.
You kill the dart slug!
No target in view!
No target in view!
b - 82 stones (gained 14) HP restored.
You see here a rat skeleton.
A gnoll comes into view. It is wielding a club.
A gnoll comes into view. It is wielding a club.
The gnoll shouts!
A gnoll comes into view. It is wielding a spear.
There are monsters nearby!
There are monsters nearby!
The gnoll shouts!
You hear a shout!
The gnoll hits you with a club!
You hear a shout!
You hit the gnoll but do no damage.
The gnoll disappears!
The gnoll reappears nearby!
You barely miss the gnoll. The gnoll hits you with a club.
You barely miss the gnoll. You closely miss the gnoll.
The gnoll closely misses you.
You hit the gnoll.
The gnoll is lightly wounded.
The gnoll blinks!
The gnoll hits you with a club!
* * * LOW HITPOINT WARNING * * *
You barely miss the gnoll.
The gnoll is lightly wounded.
The gnoll closely misses you.
You hit the gnoll but do no damage.
The gnoll is lightly wounded.
The gnoll hits you with a club.
* * * LOW HITPOINT WARNING * * *
The gnoll misses you.
Casting: Sandblast (safe; 3% risk of failure)
Confirm with . or Enter, or press ? or * to list all spells.
Aiming: Sandblast (safe; 3% risk of failure)
Press: ? - help, Shift-Dir - straight line, f - gnoll
Aim: a gnoll, wielding a club You miscast Sandblast.
You are very lightly contaminated with residual magic.
You hear a distant rumble.
The gnoll hits you with a club!
* * * LOW HITPOINT WARNING * * *
The gnoll hits you with a club.
You die...

######### #........
#.......########..# ♣♣
##.........g@g....# ♣♣.
#.........########## ♣♣.♣♣
.........### #..# ♣♣...♣
#......÷..### #.## ♣....♣
######.##...####.## #....#
#..###.......####....##
##...######<...........
#######........#####....#.
#........#####.# ###....


You could see 2 gnolls.

Vanquished Creatures
  Jessica (D:3)
  4 gnolls (D:3)
  4 adders
  A worm (D:2)
  4 dart slugs
  2 leopard geckos
  4 orcs (D:2)
  A ball python (D:1)
  4 giant cockroaches
  3 goblins
  7 hobgoblins
  2 jackals (D:2)
  2 quokkas (D:2)
  3 bats
  3 frilled lizards
  9 kobolds
  7 rats
61 creatures vanquished.

Vanquished Creatures (others)
  An orc wizard (D:2)
1 creature vanquished.

Grand Total: 62 creatures vanquished

Notes
Turn   | Place    | Note
-------+----------+-------------------------------------------
     0 | D:1      | Amnesiac the Mummy Earth Elementalist began the quest for the Orb.
     0 | D:1      | Reached XP level 1. HP: 13/13 MP: 4/4
   160 | D:2      | Noticed an orc wizard
   293 | D:1      | Reached XP level 2. HP: 19/19 MP: 5/5
   297 | D:1      | Learned a level 2 spell: Passwall
   810 | D:1      | Reached skill level 1 in Transmutations
   874 | D:2      | Found a faded altar of an unknown god.
   901 | D:3      | Reached XP level 3. HP: 22/24 MP: 7/7
  1028 | D:3      | Noticed Jessica
  1032 | D:3      | Killed Jessica
  1044 | D:3      | Reached XP level 4. HP: 15/30 MP: 4/9
  1050 | D:3      | Learned a level 4 spell: Petrify
  1087 | D:3      | Reached skill level 1 in Short Blades
  1224 | D:3      | Found a white marble altar of Elyvilon.
  1504 | D:2      | Reached XP level 5. HP: 29/35 MP: 10/10
  2797 | D:3      | Slain by a gnoll

Vault maps used:
D:1:      dpeg_arrival_pits
D:2:      chequers_ecumenical_altar_twisty
D:3:      old_standard_altar, nicolae_overflow_hidden_temple, first_ration,
          uniq_crazy_yiuf_cottage, uniq_jessica
D:4:      lemuel_round_altar, uniq_edmund, uniq_duvessa, uniq_eustachio,
          uniq_menkaure

Skill      XL: |  1  2  3  4  5 |
---------------+----------------+-----
Earth Magic    | 3 4 |  4.1
Spellcasting   | 3 4 |  4.1
Transmutations | 1 |  1.0
Short Blades   | 1 |  1.5
Dodging        | |  1.5
Stealth        | |  1.5

Action                   |  1- 3 |  4- 6 || total
-------------------------+-------+-------++-------
Melee: Dagger            |    86 |   102 ||   188
       Unarmed           |    14 |       ||    14
 Cast: Sandblast         |    11 |    12 ||    23
  Use: Scroll            |       |     1 ||     1
 Stab: Sleeping          |     2 |     4 ||     6
Armor: Robe              |    16 |    10 ||    26
Dodge: Dodged            |    61 |    57 ||   118

Table legend:
 A = Spawn XP
 B = Non-spawn XP
 C = Spawn XP percentage of total XP
 D = Spawn monster count
 E = Non-spawn monster count
 F = Spawn count percentage of total count
 G = Total turns spent on level
                    A         B        C        D         E        F      G
               +---------+---------+-------+---------+---------+-------+---------
         Total |       0 |     272 |   0.0 |       0 |      62 |   0.0 |  2797
               +---------+---------+-------+---------+---------+-------+---------
           D:1 |       0 |      30 |   0.0 |       0 |      17 |   0.0 |  1097
           D:2 |       0 |      91 |   0.0 |       0 |      28 |   0.0 |  1051
           D:3 |       0 |     151 |   0.0 |       0 |      17 |   0.0 |   641
               +---------+---------+-------+---------+---------+-------+---------
